 Dungeon Crawl Stone Soup version 0.32-a0-599-gba8f9cf90e (webtiles) character file.

Game seed: 5144228425286496743

1086 Aldia the Ruffian (level 8, -5/94 (100) HPs)
             Began as a Black Draconian Shapeshifter on Mar 3, 2024.
             Was an Initiate of Gozag.
             Slain by a wight
             ... wielding a +2 halberd
              (12 damage)
             ... on level 6 of the Dungeon.
             The game lasted 00:07:06 (4566 turns).

Aldia the Ruffian (Black Draconian Shapeshifter)    Turns: 4566, Time: 00:07:06

HP:   -5/94 (100)   AC: 24    Str: 17    XL:     8   Next: 9%
MP:   8/8           EV:  2    Int: 11    God:    Gozag
Gold: 377           SH:  0    Dex: 12    Spells: 4/7 levels left

rFire   . .          .
                       - Unarmed
rCold   . . .        (no shield)
rNeg    + . .        (body armour unavailable)
rPois   +            (helmet currently unavailable)
rElec   .            (cloak currently unavailable)
rCorr   .            (gloves currently unavailable)
SInv    .            (boots currently unavailable)
Will    .....        (no amulet)
Stlth   +            n - ring of positive energy
HPRegen 0.35/turn    (no ring)
MPRegen 0.11/turn

%: no passive effects
@: tree-form, gold aura, drained
A: stationary, stasis, torment immunity, boosted hp, (galvanic breath), AC +6,
unfitting armour, (electricity resistance), (cold-blooded)
a: Renounce Religion, Potion Petition, Call Merchant, Bribe Branch


You were on level 6 of the Dungeon.
You worshipped Gozag.
Gozag was aware of your devotion.
You were a tree.
You visited 2 branches of the dungeon, and saw 7 of its levels.

You collected 411 gold pieces.
You paid 34 gold pieces to Gozag.

Inventory:

Armour
 i - a +0 cloak
Jewellery
 f - a ring of ice
 l - a ring of see invisible
 n - a ring of positive energy (left branch)
 q - a ring of fire
Talismans
 b - a beast talisman (active)
 c - a flux talisman
Scrolls
 d - a scroll of blinking {unknown}
 e - 2 scrolls of poison {unknown}
 g - a scroll of revelation
 j - 2 scrolls of identify
 k - a scroll of teleportation
 o - a scroll of immolation {unknown}
 p - a scroll of fear {unknown}
 r - a scroll of fog {unknown}
Potions
 h - a potion of heal wounds
 m - 3 potions of enlightenment
 s - a potion of brilliance {unknown}


   Skills:
 - Level 4.5 Fighting
 - Level 2.0 Dodging
 - Level 6.6 Unarmed Combat
 * Level 6.3 Shapeshifting


You had 4 spell levels left.
You knew the following spells:

 Your Spells              Type           Power      Damage    Failure   Level
a - Swiftness             Air            0%         N/A       71%         3

Your spell library contained the following spells:

 Spells                   Type           Power      Damage    Failure   Level
 Shock                    Conj/Air       0%         1d3       34%         1
 Airstrike                Air            0%         2d(0-16)  98%         4


Dungeon Overview and Level Annotations

Branches:
Dungeon (6/15)             Temple (1/1) D:5

Altars:
Ashenzari
Cheibriados
Dithmenos
Elyvilon
Fedhas
Gozag
Hepliaklqana
Kikubaaqudgha
Makhleb
Nemelex Xobeh
Okawaru
Qazlal
Ru
Sif Muna
Uskayaw
Vehumet
Wu Jian
Xom
Yredelemnul
Zin
The Shining One

Portals:
Abyss: D:4

Annotations:
D:4 4 transporters, Tupra's ghost, novice CoGl
Temple 2 transporters


Innate Abilities, Weirdness & Mutations

You are a tree.
Your roots penetrate the ground, keeping you stationary.
You cannot be teleported.
You are immune to unholy pain and torment.
Your maximum health is greatly increased.
Your equipment is partially melded.
((You can breathe arcing electricity.))
((Your glossy black scales are hard. (AC +6)))
You cannot fit into any form of body armour.
((You are resistant to electric shocks. (rElec)))
((You are cold-blooded and may be slowed by cold attacks.))


Message History

You destroy the wight!
The wight hits you from afar with a +2 halberd!
Your life force feels restored.
You are too injured to fight recklessly!
You are too injured to fight recklessly!
You are too injured to fight recklessly!
The wight hits you with a +2 halberd!
* * * LOW HITPOINT WARNING * * *
You partially resist.
You feel drained.
* * * LOW HITPOINT WARNING * * *
Items here: $ )) [[.
You hit the wight.
The wight is lightly damaged.
The wight barely misses you.
You hit the wight but do no damage.
The wight is lightly damaged.
The wight misses you.
You hit the wight but do no damage. You punch the wight.
The wight is moderately damaged.
The wight hits you with a +2 halberd.
* * * LOW HITPOINT WARNING * * *
You partially resist.
You feel drained.
Your transformation has ended.
You turn into a tree.
Your roots penetrate the ground.
The wight hits you with a +2 halberd.
* * * LOW HITPOINT WARNING * * *
You partially resist.
You feel drained.
You barely miss the wight.
The wight is moderately damaged.
The wight hits you with a +2 halberd!
* * * LOW HITPOINT WARNING * * *
You partially resist.
You feel drained.
* * * LOW HITPOINT WARNING * * *
You hit the wight.
The wight is heavily damaged.
You closely miss the wight.
The wight is heavily damaged.
The wight hits you with a +2 halberd!
You die...
Your body crumbles into a pile of gold.

................#
.#######.##....##
#.##.#..#
#.......#
####.#.##
#######.#.#
........$.#
######.### #♣#
#z# #.# #.. ###


You could see a wight.

Vanquished Creatures
  Eustachio (D:5)
  Menkaure (D:5)
  A centaur (D:5)
  A phantom (D:5)
  Blork the orc (D:4)
  A scorpion (D:5)
  3 wights (D:6)
  A howler monkey (D:5)
  A bombardier beetle (D:4)
  A hound (D:4)
  An orc priest (D:4)
  A sleepcap (D:5)
  An iguana (D:4)
  3 orc wizards (D:5)
  4 adders
  2 ufetubi (D:5)
  6 orcs
  4 ball pythons
  5 bats
  2 endoplasms
  2 giant cockroaches
  13 goblins
  A hobgoblin (D:2)
  13 jackals
  2 quokkas
  6 frilled lizards (D:2)
  10 kobolds
  8 rats
96 creatures vanquished.

Notes
Turn   | Place    | Note
-------+----------+-------------------------------------------
     0 | D:1      | Aldia the Draconian Shapeshifter began the quest for the
                  | Orb.
     0 | D:1      | Reached XP level 1. HP: 16/16 MP: 1/1
   176 | D:1      | Reached XP level 2. HP: 11/23 MP: 2/2
   230 | D:1      | Found a faded altar of an unknown god.
   694 | D:2      | Reached XP level 3. HP: 24/29 MP: 3/3
  1185 | D:2      | Reached XP level 4. HP: 34/36 MP: 4/4
  1612 | D:3      | Found an opulent altar of Gozag.
  1679 | D:3      | Found an ancient bone altar of Kikubaaqudgha.
  1734 | D:3      | Became a worshipper of Gozag Ym Sagoz the Greedy
  2338 | D:4      | Found a one-way gate to the infinite horrors of the Abyss.
  2338 | D:4      | Noticed Tupra's ghost (novice CoGl)
  2339 | D:4      | Found a transporter.
  2339 | D:4      | Noticed a small abomination
  2382 | D:4      | Noticed Blork the orc
  2391 | D:4      | Killed Blork the orc
  2392 | D:4      | Reached XP level 5. HP: 22/42 MP: 5/5
  2478 | D:4      | Found a transporter.
  2955 | D:4      | Reached skill level 5 in Unarmed Combat
  2971 | D:4      | Found a transporter.
  2973 | D:4      | Noticed an ice beast
  2973 | D:4      | Noticed an ice beast
  3143 | D:4      | Reached XP level 6. HP: 36/51 MP: 6/6
  3340 | D:4      | Found a transporter.
  3424 | D:5      | Entered Level 5 of the Dungeon
  3427 | D:5      | Noticed Menkaure
  3439 | D:5      | Killed Menkaure
  3759 | D:5      | Your scales start taking on a glossy black colour.
  3759 | D:5      | Reached XP level 7. HP: 57/58 MP: 7/7
  3759 | D:5      | Gained mutation: You are resistant to electric shocks.
                  | (rElec) [Black Draconian growth]
  3760 | D:5      | Reached skill level 5 in Shapeshifting
  3844 | D:5      | Noticed Eustachio
  3888 | D:5      | Killed Eustachio
  4091 | D:5      | Learned a level 3 spell: Swiftness
  4212 | D:5      | Found a staircase to the Ecumenical Temple.
  4232 | Temple   | Found a transporter.
  4232 | Temple   | Found a transporter.
  4232 | Temple   | Found a transporter.
  4232 | Temple   | Found a transporter.
  4232 | Temple   | Entered the Ecumenical Temple
  4556 | D:6      | Reached XP level 8. HP: 61/67 MP: 8/8
  4566 | D:6      | Slain by a wight

Illustrated notes

Levels and vault maps discovered:
D:1:      beargit_arrival_diablo_church, layout_rooms,
          shapermc_ecumenical_altar_mp_urbaneastern
D:2:      layout_loops_cross, nrook_mini_backslash, minmay_lizard_king
D:3:      layout_basic, mainiacjoe_overflow_surrounded_room,
          mainiacjoe_overflow_alcove_2
D:4:      gammafunk_cloud_chamber, layout_basic, gammafunk_ghost_abyssal_escape,
          corexii_hall_statues_x, nicolae_elevator_lobby_asterisk,
          uniq_blork_the_orc
D:5:      layout_basic, minmay_temple_entry_waves,
          hangedman_decor_clover_reticule, st_stairs_12, uniq_eustachio,
          uniq_menkaure
D:6:      layout_loops_ring, uniq_duvessa
Temple:   hellmonk_temple_divided_pantheon

Skill      XL: |  1  2  3  4  5  6  7 |
---------------+----------------------+-----
Dodging        | 2 |  2.0
Fighting       | 2 3 4 |  4.5
Unarmed Combat | 4 5 6 |  6.6
Shapeshifting  | 4 6 |  6.3

Action                     |  1- 3 |  4- 6 |  7- 9 || total
---------------------------+-------+-------+-------++-------
  Melee: Unarmed           |   104 |   131 |    78 ||   313
         Tailslap          |     9 |    14 |     4 ||    27
         Punch             |     4 |     6 |     8 ||    18
Ability: Galvanic Breath   |       |       |     1 ||     1
    Use: Scroll            |       |     5 |       ||     5
         Potion            |       |     2 |     1 ||     3
   Stab: Sleeping          |     1 |     1 |       ||     2
 Armour: Skin              |    51 |    72 |    64 ||   187
  Dodge: Dodged            |    69 |    84 |    38 ||   191

Table legend: (Time is in decaauts)
 A = Elapsed time spent in this place.
 B = Non-inter-level travel time spent in this place.
 C = Inter-level travel time spent in this place.
 D = Time resting spent in this place.
 E = Time spent auto-exploring this place.
 F = Levels seen in this place.
 G = Mean time per level.
                   A        B        C        D        E       F      G
               +--------+--------+--------+--------+--------+-----+--------+
         Total |   4539 |   4326 |    213 |     13 |   3541 |   7 |  648.4 |
       Dungeon |   4537 |   4324 |    213 |     13 |   3541 |   6 |  756.2 |
        Temple |      1 |      1 |      0 |      0 |      0 |   1 |    1.0 |
               +--------+--------+--------+--------+--------+-----+--------+

Top non-repeatable levels by time:
     D:4: 1160 daAuts
     D:5: 1078 daAuts
     D:2: 881 daAuts
     D:3: 775 daAuts
     D:1: 592 daAuts
     D:6: 50 daAuts
  Temple: 1 daAuts
